 Dungeon Crawl Stone Soup version 0.21.1-1-g345015f (webtiles) character file.

127 letownia2 the Poker (level 5, 0/38 HPs)
             Began as a Merfolk Skald on Mar 14, 2018.
             Slain by a gnoll shaman
             ... wielding a +0 whip
              (10 damage)
             ... on level 4 of the Dungeon.
             The game lasted 00:04:16 (598 turns).

letownia2 the Poker (Merfolk Skald)                  Turns: 598, Time: 00:04:17

Health: 0/38       AC:  4    Str: 11    XL:     5   Next: 11%
Magic:  1/8        EV: 14    Int: 14    God:
Gold:   70         SH:  0    Dex: 13    Spells: 2/8 levels left

rFire    . . .     SeeInvis .   a - +0 spear
rCold    . . .     Gourm    .   (no shield)
rNeg     . . .     Faith    .   b - +0 leather armour
rPois    .         Spirit   .   l - +0 helmet
rElec    .         Reflect  .   (no cloak)
rCorr    .         Harm     .   (no gloves)
MR       .....                  (no boots)
Stlth    +.........             (no amulet)
HPRegen  0.12/turn              p - +2 ring of evasion
MPRegen  0.11/turn              (no ring)

@: shrouded, glowing
A: change form in water, swift swim, stealthy swim
a: no special abilities


You were on level 4 of the Dungeon.
You were not hungry.

You visited 1 branch of the dungeon, and saw 5 of its levels.

You collected 70 gold pieces.

Inventory:

Hand Weapons
 a - a +0 spear (weapon)
 j - a +0 quarterstaff
Missiles
 n - 6 tomahawks (quivered)
Armour
 b - a +0 leather armour (worn)
 e - a +0 ring mail
 l - a +0 helmet (worn)
Jewellery
 p - a +2 ring of evasion (left hand)
Scrolls
 f - 2 scrolls of teleportation {unknown}
 g - a scroll of identify {unknown}
 k - 3 scrolls of remove curse {unknown}
 o - a scroll of amnesia {unknown}
Potions
 i - a potion of curing {unknown}
Books
 c - a book of Battle

   Spells                             Type                      Level
   a - Infusion                       Charms                       1
   b - Shroud of Golubria             Charms/Translocation         2
   c - Song of Slaying                Charms                       2
   d - Spectral Weapon                Hexes/Charms                 3
   e - Regeneration                   Charms/Necromancy            3
Comestibles
 d - 2 rations


   Skills:
 - Level 2.1 Fighting
 - Level 4.4 Polearms
 - Level 0.6 Armour
 - Level 2.6 Dodging
 - Level 2.0 Spellcasting
 - Level 1.4 Hexes
 + Level 4.3 Charms
 - Level 1.9 Translocations


You had 2 spell levels left.
You knew the following spells:

 Your Spells              Type           Power        Failure   Level  Hunger
a - Infusion              Chrm           ##..         5%          1    ##.....
t - Shroud of Golubria    Chrm/Tloc      ##........   13%         2    ###....
x - Spectral Weapon       Hex/Chrm       #.......     28%         3    ####...


Dungeon Overview and Level Annotations

Branches:
Dungeon (5/15)
 Temple: D:4-7

Altars:


Message History

Your spectral weapon shares its damage with you!
Your spectral weapon fades away.
Attack whom?
Press: ? - help, Dir - move target cursor You reach to attack!
You closely miss something.
Unknown command.
Attack whom?
Press: ? - help, Dir - move target cursor You miss something.
You barely miss something. Something hits you!
* * * LOW HITPOINT WARNING * * *
2 gnolls come into view.
A gnoll is wielding a spear of venom.
The gnoll shouts!
You hit something. Something hits you but does no damage.
The gnoll moves out of view.
Unknown command.
You miss something.
A gnoll shaman appears from thin air!
Reactivating autopickup.
The gnoll shaman hits you with a whip!
You die...

.. ........)####.#.#.#.####.#.
.... #.####..#.###.#.#.#.#.#...
....###.# #.#.⌠.# #.⌠.###.8 #.#
....'.#.####..#.#.###.#.#.#.#..#
...#.........### ##.#.####.#
####...........## .###.♣.##.#
................##.#.###.##..#
...))....g..####..#.....#..#.#
............gog@.............#
............####.............#
............# .............###
####........# .............'..
#........# ...#######...###
#........# ...# #.... ########.#
#### ####### #. #... #.#..


You could see a gnoll shaman, 2 gnolls and an orc.

Vanquished Creatures
  2 orc priests (D:4)
  An orc wizard (D:4)
  2 dart slugs (D:1)
  A leopard gecko (D:1)
  5 orcs
  4 bats
  A giant cockroach (D:3)
  4 goblins
  A hobgoblin (D:3)
  4 jackals (D:4)
  A quokka (D:4)
  2 ball pythons
  A frilled lizard (D:2)
  A kobold (D:1)
  A rat (D:3)
31 creatures vanquished.

Vanquished Creatures (others)
  A spectral weapon (D:4)
1 creature vanquished.

Grand Total: 32 creatures vanquished

Notes
Turn   | Place    | Note
-------+----------+-------------------------------------------
     0 | D:1      | letownia2 the Merfolk Skald began the quest for the Orb.
     0 | D:1      | Reached XP level 1. HP: 16/16 MP: 3/3
    91 | D:1      | Reached XP level 2. HP: 17/22 MP: 1/5
   150 | D:1      | Learned a level 2 spell: Shroud of Golubria
   313 | D:4      | Reached skill level 1 in Translocations
   313 | D:4      | Reached XP level 3. HP: 12/27 MP: 1/6
   322 | D:4      | Learned a level 3 spell: Spectral Weapon
   374 | D:4      | Reached XP level 4. HP: 10/33 MP: 0/7
   466 | D:5      | Entered Level 5 of the Dungeon
   466 | D:5      | Noticed a sky beast
   557 | D:4      | Reached skill level 1 in Hexes
   569 | D:4      | Reached XP level 5. HP: 15/38 MP: 3/8
   591 | D:4      | HP: 1/38 [something (1)]
   598 | D:4      | Slain by a gnoll shaman

Skill      XL: |  1  2  3  4 |
---------------+-------------+-----
Polearms       | 4 |  4.4
Translocations | 1 |  1.9
Hexes          | 1 |  1.4
Charms         | 4 |  4.3
Fighting       | |  2.1
Armour         | |  0.6
Dodging        | |  2.6
Spellcasting   | |  2.0

Action                   |  1- 3 |  4- 6 || total
-------------------------+-------+-------++-------
Melee: Spear             |    80 |    26 ||   106
Throw: Tomahawk          |       |     1 ||     1
 Cast: Infusion          |     8 |     3 ||    11
       Shroud of Golubri |       |     3 ||     3
       Spectral Weapon   |       |     1 ||     1
Evoke: Wand              |       |    14 ||    14
  Use: Potion            |       |     1 ||     1
Armor: Leather armour    |    20 |     8 ||    28
Dodge: Dodged            |    45 |    14 ||    59
